 Dungeon Crawl Stone Soup version 0.30-a0-939-gc8157cb160 (webtiles) character file.

Game seed: 1082511265856637117

835 cforsyth the Ogre Mage (level 7, -4/59 HPs)
             Began as an Ogre Ice Elementalist on Mar 25, 2023.
             Was an Initiate of Sif Muna.
             Slain by a gnoll sergeant
             ... wielding a +0 spear
              (11 damage)
             ... on level 5 of the Dungeon.
             The game lasted 00:12:02 (5725 turns).

cforsyth the Ogre Mage (Ogre Ice Elementalist)      Turns: 5725, Time: 00:12:03

Health: -4/59      AC:  3    Str: 13    XL:     7   Next: 99%
Magic:  13/16      EV: 10    Int: 18    God:    Sif Muna [......]
Gold:   444        SH:  0    Dex:  9    Spells: 7/18 levels left

rFire   . . .      SeeInvis .    (no weapon)
rCold   . . .      Faith    .    (no shield)
rNeg    . . .      Spirit   .    a - +0 robe
rPois   .          Reflect  .    (helmet restricted)
rElec   .          Rampage  .    (no cloak)
rCorr   .                        (gloves unavailable)
Will    .....                    (boots unavailable)
Stlth   ++                       (no amulet)
HPRegen 0.29/turn                (no ring)
MPRegen 0.15/turn                (no ring)

@: freezing walls
A: large, unfitting armour, tough skin 1
a: Renounce Religion


You were on level 5 of the Dungeon.
You worshipped Sif Muna.
Sif Muna was noncommittal.
You visited 1 branch of the dungeon, and saw 5 of its levels.

You collected 444 gold pieces.

Inventory:

Armour
 a - a +0 robe (worn)
Jewellery
 q - a +5 ring of evasion
Wands
 n - a wand of mindburst (9)
Scrolls
 e - 2 scrolls of amnesia
 g - 3 scrolls of poison
 j - 2 scrolls of teleportation
 k - 2 scrolls of enchant weapon {unknown}
 l - a scroll of torment {unknown}
 o - a scroll of immolation
 p - 3 scrolls of fog
 s - a scroll of silence {unknown}
 u - a scroll of identify
Potions
 b - 2 potions of magic
 c - 2 potions of attraction
 d - a potion of curing {unknown}
 f - a potion of lignification
 h - 3 potions of flight
 i - a potion of heal wounds
 m - 3 potions of brilliance
 r - a potion of cancellation {unknown}
 t - 2 potions of mutation {unknown}


   Skills:
 - Level 2.0 Dodging
 - Level 1.7 Stealth
 + Level 6.3 Spellcasting
 + Level 3.2 Summonings
 + Level 6.1 Ice Magic


You had 7 spell levels left.
You knew the following spells:

 Your Spells              Type           Power      Damage    Failure   Level
a - Freeze                Ice            100%       1d10      1%          1
b - Frozen Ramparts       Ice            54%        1d9       2%          3
c - Ozocubu's Armour      Ice            27%        N/A       2%          3
d - Summon Ice Beast      Ice/Summ       22%        N/A       17%         4

Your spell library contained the following spells:

 Spells                   Type           Power      Damage    Failure   Level
 Hailstorm                Conj/Ice       16%        3d6       10%         3
 Kiss of Death            Conj/Necr      20%        2d7       12%         1
 Ice Form                 Ice/Tmut       16%        N/A       32%         4
 Simulacrum               Ice/Necr       8%         N/A       99%         6


Dungeon Overview and Level Annotations

Branches:
Dungeon (5/15)
 Temple: D:4-7

Altars:
Kikubaaqudgha
Sif Muna
Trog
Vehumet
The Shining One

Annotations:
D:4 1 runed translucent door, Akorn's ghost, amateur DjDe


Innate Abilities, Weirdness & Mutations

You are too large for most types of armour.
You have tough skin. (AC +1)


Message History

The gnoll is severely wounded.
The wall freezes the gnoll sergeant but does no damage.
The gnoll sergeant hits you from afar with a +0 spear.
The wall freezes the gnoll.
The gnoll hits you from afar with a +0 spear!
The wall freezes the gnoll.
The gnoll hits you with a +0 whip.
Press: ? - help, v - describe, . - travel
Here: a gnoll, wielding a +0 spear (moderately wounded)
The floor.
Unknown command.
You struggle against the net.
The wall freezes the gnoll sergeant.
The gnoll sergeant hits you from afar with a +0 spear!
* * * LOW HITPOINT WARNING * * *
The wall freezes the gnoll!
The gnoll hits you from afar with a +0 spear.
* * * LOW HITPOINT WARNING * * *
The wall freezes the gnoll.
The wall freezes the gnoll but does no damage.
The gnoll hits you but does no damage.
Unknown command.
You struggle against the net.
The wall freezes the gnoll sergeant but does no damage.
The gnoll sergeant hits you from afar with a +0 spear.
* * * LOW HITPOINT WARNING * * *
The wall freezes the gnoll.
The gnoll hits you from afar with a +0 spear.
* * * LOW HITPOINT WARNING * * *
The wall freezes the gnoll.
The wall freezes the gnoll!
You kill the gnoll!
Sif Muna accepts your kill.
Unknown command.
You struggle against the net.
The wall freezes the gnoll sergeant.
The gnoll sergeant barely misses you.
The wall freezes the gnoll.
You kill the gnoll!
Sif Muna accepts your kill.
The wall freezes the gnoll.
You rip the net and break free!
The wall freezes the gnoll sergeant but does no damage.
The gnoll sergeant hits you from afar with a +0 spear!
You die...

......##.........................
......#######...##........###.#..
..........#<.....#...#...## #.#..
###..............#...#...# #.#..
........#.##.##≈≈≈≈≈≈≈≈≈.# #....
.##.#..........≈##≈≈≈##≈.######.#
#......##.#.##≈#######≈.........
#.............≈≈#g..#≈≈.....(#..
#.......#.#.#..@gg.?#≈≈#####.#..
#.......#.#...≈≈#...#≈≈......#..
#.......#.#.##≈#######≈#######..
#.......#.#...≈##≈≈≈##≈.........
.#......##.#.##≈≈≈≈≈≈≈≈≈.....##.#
.#.........#.....................
.#.###########..................#
.#.####..........................
.#...##.######..................#


You could see a gnoll sergeant and 2 gnolls.

Vanquished Creatures
  Sigmund (D:2)
  2 scorpions
  2 hounds (D:4)
  Jessica (D:3)
  2 iguanas
  7 orc wizards
  5 gnolls
  3 adders
  3 worms
  A dart slug (D:4)
  13 orcs
  7 endoplasms
  2 giant cockroaches
  9 hobgoblins
  5 jackals
  6 kobolds
  3 quokkas
  6 ball pythons
  4 bats
  3 frilled lizards
  4 goblins
  7 rats
96 creatures vanquished.

Vanquished Creatures (collateral kills)
  An ice beast (D:5)
1 creature vanquished.

Grand Total: 97 creatures vanquished

Notes
Turn   | Place    | Note
-------+----------+-------------------------------------------
     0 | D:1      | cforsyth the Ogre Ice Elementalist began the quest for the
                  | Orb.
     0 | D:1      | Reached XP level 1. HP: 16/16 MP: 3/3
   291 | D:1      | Reached XP level 2. HP: 24/24 MP: 1/5
   933 | D:2      | Reached XP level 3. HP: 24/31 MP: 1/7
   937 | D:2      | Learned a level 3 spell: Frozen Ramparts
  1194 | D:2      | Noticed Sigmund
  1202 | D:2      | Reached XP level 4. HP: 39/39 MP: 4/9
  1209 | D:2      | Killed Sigmund
  1210 | D:2      | Reached XP level 5. HP: 35/45 MP: 2/11
  1285 | D:2      | Learned a level 3 spell: Ozocubu's Armour
  1317 | D:2      | Learned a level 4 spell: Summon Ice Beast
  1394 | D:2      | Reached skill level 5 in Ice Magic
  1991 | D:2      | Reached XP level 6. HP: 46/53 MP: 7/13
  2119 | D:3      | Noticed Jessica
  2128 | D:3      | Killed Jessica
  2343 | D:3      | Found a faded altar of an unknown god.
  2351 | D:3      | Reached skill level 1 in Summonings
  2662 | D:3      | Reached skill level 5 in Spellcasting
  3035 | D:3      | Found a bloodstained altar of Trog.
  3383 | D:4      | Found a glowing golden altar of the Shining One.
  3623 | D:4      | Found an ancient bone altar of Kikubaaqudgha.
  3706 | D:4      | Got Kikubaaqudgha's Octavo of Last Rites
  3712 | D:4      | Found a radiant altar of Vehumet.
  3727 | D:4      | Found a shimmering blue altar of Sif Muna.
  3733 | D:4      | Reached XP level 7. HP: 48/59 MP: 9/15
  3734 | D:4      | Became a worshipper of Sif Muna the Loreminder
  4620 | D:4      | Found a runed translucent door.
  4669 | D:4      | Noticed Akorn's ghost (amateur DjDe)
  4772 | D:5      | Entered Level 5 of the Dungeon
  5725 | D:5      | Slain by a gnoll sergeant

Illustrated notes

Levels and vault maps discovered:
D:1:      lemuel_arrival_behind_the_door_small, layout_basic
D:2:      minmay_door_path, layout_loops_ring, uniq_sigmund
D:3:      layout_loops_ring, mainiacjoe_overflow_alcove_1,
          basic_ecumenical_altar, uniq_jessica
D:4:      minmay_chambers_of_fours, layout_basic, palyth_temple_overflow_mages,
          nicolae_overflow_crystal_walls, ebering_ghost_sewer_d
D:5:      layout_basic, lightli_minifort

Skill      XL: |  1  2  3  4  5  6  7 |
---------------+----------------------+-----
Dodging        | 2 |  2.0
Spellcasting   | 3 4 5 6 |  6.3
Ice Magic      | 4 5 6 |  6.1
Summonings     | 2 3 |  3.2
Stealth        | |  1.7

Action                     |  1- 3 |  4- 6 |  7- 9 || total
---------------------------+-------+-------+-------++-------
  Melee: Unarmed           |     2 |     3 |    10 ||    15
         Punch             |       |     1 |       ||     1
   Cast: Freeze            |    34 |    47 |    20 ||   101
         Frozen Ramparts   |     2 |    31 |    12 ||    45
         Summon Ice Beast  |       |       |     1 ||     1
    Use: Scroll            |       |     6 |     5 ||    11
   Stab: Distracted        |       |     1 |       ||     1
 Armour: Robe              |    10 |    19 |     7 ||    36
  Dodge: Dodged            |    19 |    32 |    18 ||    69

Table legend: (Time is in decaauts)
 A = Elapsed time spent in this place.
 B = Non-inter-level travel time spent in this place.
 C = Inter-level travel time spent in this place.
 D = Time resting spent in this place.
 E = Time spent auto-exploring this place.
 F = Levels seen in this place.
 G = Mean time per level.
                   A        B        C        D        E       F      G
               +--------+--------+--------+--------+--------+-----+--------+
         Total |   5725 |   5588 |    137 |    452 |   4399 |   5 | 1145.0 |
       Dungeon |   5725 |   5588 |    137 |    452 |   4399 |   5 | 1145.0 |
               +--------+--------+--------+--------+--------+-----+--------+

Top non-repeatable levels by time:
     D:4: 1497 daAuts
     D:2: 1317 daAuts
     D:3: 1156 daAuts
     D:5: 952 daAuts
     D:1: 801 daAuts
